 Dungeon Crawl Stone Soup version 0.27.1-3-gb3d3a73c9e (webtiles) character file.

Game seed: 10213511240816025905

14 Descartes the Scratcher (level 2, 0/12 HPs)
             Began as a Felid Transmuter on Oct 24, 2021.
             Slain by a jackal (3 damage)
             ... on level 1 of the Dungeon.
             The game lasted 00:00:40 (359 turns).

Descartes the Scratcher (Felid Transmuter)           Turns: 359, Time: 00:00:40

Health: 0/12       AC:  1    Str:  6    XL:     2   Next: 27%
Magic:  6/6        EV: 17    Int: 14    God:
Gold:   31         SH:  0    Dex: 16    Spells: 4/5 levels left
                                        Lives:  0   Deaths: 0

rFire    . . .     SeeInvis +     - Unarmed
rCold    . . .     Faith    .   (shield unavailable)
rNeg     . . .     Spirit   .   (armour unavailable)
rPois    .         Reflect  .   (helmet unavailable)
rElec    .         Harm     .   (cloak unavailable)
rCorr    .         Rampage  .   (gloves unavailable)
Will     .....                  (boots unavailable)
Stlth    ++........             (no amulet)
HPRegen  0.04/turn              (no ring)
MPRegen  0.10/turn              (no ring)

@: quick
A: very small, claws 1, fangs 3, see invisible, speed 1, shaggy fur 1, stealthy
paws, no weapons or thrown items, no armour, multi-lived
a: no special abilities


You were on level 1 of the Dungeon.
You visited 1 branch of the dungeon, and saw 1 of its levels.

You collected 31 gold pieces.

Inventory:

Missiles
 a - 36 stones
Scrolls
 b - a scroll of teleportation {unknown}


   Skills:
 + Level 1.3 Fighting
 + Level 3.0 Dodging
 * Level 1.7 Stealth
 + Level 3.1 Unarmed Combat
 - Level 2.0 Spellcasting
 - Level 2.1 Transmutations


You had 4 spell levels left.
You knew the following spells:

 Your Spells              Type           Power      Damage    Failure   Level
a - Beastly Appendage     Tmut           14%        N/A       10%         1

Your spell library contained the following spells:

 Spells                   Type           Power      Damage    Failure   Level
 Wereblood                Tmut           7%         N/A       14%         2
 Spider Form              Tmut/Pois      2%         N/A       41%         3
 Ice Form                 Ice/Tmut       4%         N/A       83%         4


Dungeon Overview and Level Annotations

Branches:
Dungeon (1/15)

Altars:


Innate Abilities, Weirdness & Mutations

You have sharp claws.
You have razor-sharp teeth.
You have supernaturally acute eyesight. (SInv)
You cover ground quickly. (Speed+)
You are covered in fur. (AC +1)
Your paws help you pounce on unaware monsters.
You are incapable of wielding weapons or throwing items.
You cannot wear armour.
You gain extra lives every three experience levels.


Message History

The jackal moves out of view.
Your Dodging skill increases to level 3!
The jackal misses you.
The jackal barks!
You scratch the jackal.
You kill the jackal!
You scratch the jackal.
The jackal is severely wounded.
The jackal bites you. x2; The jackal barely misses you.
The jackal misses you.
You are too injured to fight recklessly!
You are too injured to fight recklessly!
You are too injured to fight recklessly!
Unknown command.
The jackal closely misses you. The jackal completely misses you.
You scratch the jackal but do no damage.
The jackal is severely wounded.
The jackal misses you.
You closely miss the jackal. You bite the jackal, but do no damage.
The jackal closely misses you.
You miss the jackal. The jackal bites you. The jackal completely misses you.
You scratch the jackal.
The jackal is severely wounded.
The jackal misses you.
You barely miss the jackal.
The jackal is severely wounded.
The jackal bites you but does no damage.
You scratch the jackal.
You kill the jackal!
The jackal bites you.
You scratch the jackal.
The jackal is moderately wounded.
The jackal misses you.
You scratch the jackal.
The jackal is moderately wounded.
The jackal bites you.
* * * LOW HITPOINT WARNING * * *
You miss the jackal. Your bite misses the jackal.
The jackal is moderately wounded.
The jackal bites you.
You die...

#..... #..# #.# #....#
##.# #.# #....# #.##
#.# #....# # #..# #.#
#....# #.###.###+##
###.†..# #.#........#
#......# #..........+
#....########........#
#..†.#hh@............#
#....#.######........#
####.....†........#.##
#.##.#.######..#.#
#....#.# #..#.#
#.#$†).# #.# ...#.##.#
.. ..........# ..
...........##


You could see 2 jackals.

Vanquished Creatures
  3 giant cockroaches (D:1)
  A goblin (D:1)
  2 jackals (D:1)
  A bat (D:1)
  7 rats (D:1)
14 creatures vanquished.

Notes
Turn   | Place    | Note
-------+----------+-------------------------------------------
     0 | D:1      | Descartes the Felid Transmuter began the quest for the Orb.
     0 | D:1      | Reached XP level 1. HP: 9/9 MP: 4/4
   127 | D:1      | Reached skill level 1 in Stealth
   169 | D:1      | Reached XP level 2. HP: 12/12 MP: 6/6
   359 | D:1      | Slain by a jackal

Illustrated notes

Levels and vault maps discovered:
D:1:      dpeg_arrival_prison, layout_basic, minmay_domino_4

Skill      XL: |  1  2 |
---------------+-------+-----
Stealth        | 1 |  1.7
Dodging        | 3 |  3.0
Fighting       | |  1.3
Unarmed Combat | |  3.1
Spellcasting   | |  2.0
Transmutations | |  2.1

Action                   || total
-------------------------++-------
Melee: Unarmed           ||    38
       Bite              ||     4
 Stab: Sleeping          ||     3
Armor: Skin              ||     1
Dodge: Dodged            ||    23
